 Dungeon Sprint DCSS version 0.27.1-1-g398f81649c (webtiles) character file.

Game seed: 830044955602272851

6 ugugthedestroyer the Covered (level 1, 0/20 HPs)
             Began as a Hill Orc Fighter on Sept 7, 2021.
             Slain by an ogre (20 damage)
             ... in the Dungeon (Sprint IX: "|||||||||||||||||||||||||||||").
             The game lasted 00:00:08 (64 turns).

ugugthedestroyer the Covered (Hill Orc Fighter)       Turns: 64, Time: 00:00:09

Health: 0/20       AC:  7    Str: 18    XL:     1   Next: 90%
Magic:  1/1        EV:  7    Int:  8    God:
Gold:   0          SH:  9    Dex: 10    Spells: 0/0 levels left

rFire    . . .     SeeInvis .   a - +0 long sword
rCold    . . .     Faith    .   c - +0 kite shield
rNeg     . . .     Spirit   .   b - +0 scale mail
rPois    .         Reflect  .   (no helmet)
rElec    .         Harm     .   (no cloak)
rCorr    .         Rampage  .   (no gloves)
Will     .....     NoTele   +   (no boots)
Stlth    ..........             (no amulet)
HPRegen  0.06/turn              (no ring)
MPRegen  0.07/turn              (no ring)

@: mighty
A: no striking features
a: no special abilities


You were in the Dungeon.
You visited 1 branch

Inventory:

Hand Weapons
 a - a +0 long sword (weapon)
Armour
 b - a +0 scale mail (worn)
 c - a +0 kite shield (worn)
Scrolls
 j - a scroll of blinking
Potions
 e - a potion of curing
 f - a potion of heal wounds
 g - a potion of haste
 h - 2 potions of magic
 i - a potion of berserk rage


   Skills:
 + Level 4.0 Fighting
 + Level 3.0 Long Blades
 + Level 4.1 Armour
 + Level 3.7 Shields


You couldn't memorise any spells.
You didn't know any spells.
Your spell library was empty.

Dungeon Overview and Level Annotations

Branches:
Dungeon (1/1)

Altars:


Message History

Welcome, ugugthedestroyer the Hill Orc Fighter.
Press ? for a list of commands and other information.
Found a staircase leading out of the dungeon.
You open the door.
A bat, an endoplasm, 2 goblins and a kobold come into view.
The kobold shouts!
The bat hits you but does no damage.
You hit the bat.
You kill the bat!
You slash the endoplasm!
You kill the endoplasm!
The kobold throws a stone.
You block the stone.
Your Fighting skill increases to level 4!
There is an open door to the Dungeon here.
You hit the kobold but do no damage. The kobold hits you but does no damage.
You block the kobold's attack.
You closely miss the kobold.
The kobold hits you with a +0 short sword.
You barely miss the kobold. You block the kobold's attack. x2
You hit the kobold.
You kill the kobold!
You hit the goblin.
You kill the goblin!
The hobgoblin hits you but does no damage.
Your Long Blades skill increases to level 3!
You hit the hobgoblin.
You kill the hobgoblin!
Your Armour skill increases to level 4!
Items here: ( )) ††.
Number of times to repeat, then command key: 100 HP restored You open the door.
A jelly, a gnoll shaman, an orc, an ogre and a skeleton come into view.
The gnoll shaman shouts!
The orc shouts!
The jelly quivers.
You feel very mighty all of a sudden.
The ogre hits you with a +0 giant spiked club!!
Ouch! That really hurt!
You die... ▓▓▓▓▓▓▓▓▓▓▓▓▓▓▓▓▓▓ +Zg.oJO@...)'...<▓ ▓▓▓▓▓▓▓▓▓▓▓▓▓▓▓▓▓▓

You could see an ogre, a gnoll shaman, a jelly, an orc and a bat skeleton.

Vanquished Creatures
  A bat (D)
  An endoplasm (D)
  A goblin (D)
  A hobgoblin (D)
  A kobold (D)
5 creatures vanquished.

Notes
Turn   | Place    | Note
-------+----------+-------------------------------------------
     0 | D        | ugugthedestroyer the Hill Orc Fighter began the quest for
                  | the Orb.
     0 | D        | Reached XP level 1. HP: 19/19 MP: 1/1
    63 | D        | Noticed a gnoll shaman
    63 | D        | Noticed a jelly
    63 | D        | Noticed an ogre
    64 | D        | Slain by an ogre

Illustrated notes

Levels and vault maps discovered:
D:        linesprint [early_d, line_temple, items_1, d_10, items_2, lair_1,
          lair_end, items_3, orc_1, orc_end, items_4, d_15, swamp_1, shoals_1,
          snake_1, spider_1, d_20, vaults_1, items_5, swamp_end, shoals_end,
          snake_end, spider_end, vaults_end, d_27, items_6, zot_1, zot_end,
          crypt_end, forest_end, elf_end, slime_end, tomb_end, abyss_end,
          pan_hell_end]

Skill      XL: |  1 |
---------------+----+-----
Fighting       | 4 |  4.0
Long Blades    | 3 |  3.0
Armour         | 4 |  4.1
Shields        | |  3.7

Action                   || total
-------------------------++-------
Melee: Long sword        ||     8
  Use: Potion            ||     1
Armor: Scale mail        ||     3
Block: Kite shield       ||     4
